 Dungeon Crawl Stone Soup version 0.31.0-32-g396128a36d (webtiles) character file.

Game seed: 4876540577611172042

698 NotreDorf the Changeling (level 7, 0/70 (81) HPs)
             Began as a Merfolk Shapeshifter on Mar 30, 2024.
             Slain by a wight
             ... wielding a +3 falchion of freezing
              (1 damage)
             ... on level 6 of the Dungeon.
             The game lasted 00:16:29 (3890 turns).

NotreDorf the Changeling (Merfolk Shapeshifter)     Turns: 3890, Time: 00:16:31

HP:   0/70 (81)     AC:  7    Str: 16    XL:     7   Next: 65%
MP:   7/7           EV: 18    Int:  9    God:
Gold: 383           SH:  0    Dex: 14    Spells: 6/6 levels left

rFire   . .          .
                       - Unarmed
rCold   + . .        (no shield)
rNeg    . . .        H - +2 ring mail {rC+}
rPois   .            f - melded +1 hat
rElec   .            w - melded scarf {rC+ rF+}
rCorr   .            I - melded +2 pair of gloves
SInv    .            (boots currently unavailable)
Will    +....        p - amulet of regeneration Stlth
                     C - +5 ring of evasion
HPRegen 1.11/turn    A - ring of willpower
MPRegen 0.10/turn

%: no passive effects
@: berserking, beast-form, heavily drained, very quick
A: beast (slay +3), (nimble swimmer 2), mertail
a: Begin Untransformation


You were on level 6 of the Dungeon.
You were a hulking beast.
You visited 1 branch of the dungeon, and saw 6 of its levels.
You also visited: Sewer.

You collected 383 gold pieces.

Inventory:

Hand Weapons
 h - a +2 dagger of flaming
 s - a +0 dagger of draining
Armour
 f - a +1 hat (melded)
 w - a scarf of resistance (melded)
 H - a +2 ring mail of cold resistance (worn)
 I - a +2 pair of gloves (melded)
Jewellery
 a - a ring of willpower
 m - a ring of positive energy
 p - an amulet of regeneration (around neck)
 A - a ring of willpower (right hand)
 C - a +5 ring of evasion (left hand)
Talismans
 c - a beast talisman (active)
 d - a flux talisman
 x - a blade talisman
Wands
 E - a wand of digging (5)
 F - a wand of acid (6)
Scrolls
 e - a scroll of vulnerability {unknown}
 g - a scroll of summoning {unknown}
 l - a scroll of noise {unknown}
 n - 3 scrolls of teleportation {unknown}
 o - 2 scrolls of blinking {unknown}
 q - 3 scrolls of fog {unknown}
 r - 5 scrolls of identify {unknown}
 t - a scroll of immolation {unknown}
 u - a scroll of amnesia {unknown}
 y - 2 scrolls of revelation {unknown}
Potions
 b - a potion of lignification
 i - a potion of mutation {unknown}
 j - 4 potions of enlightenment {unknown}
 k - 3 potions of heal wounds {unknown}
 v - a potion of degeneration {unknown}
 z - a potion of haste {unknown}
 B - 4 potions of ambrosia {unknown}
 D - 2 potions of invisibility {unknown}


   Skills:
 + Level 4.2 Fighting
 + Level 5.7 Dodging
 - Level 2.1 Stealth
 + Level 5.4 Unarmed Combat
 + Level 6.2 Shapeshifting


You had 6 spell levels left.
You didn't know any spells.
Your spell library contained the following spells:

 Spells                   Type           Power      Damage    Failure   Level
 Apportation              Tloc           0%         N/A       61%         1
 Magic Dart               Conj           0%         1d3       61%         1
 Necrotise                Necr           0%         1d4       61%         1
 Sting                    Conj/Alch      0%         1d3       61%         1
 Summon Small Mammal      Summ           0%         N/A       61%         1
 Blink                    Tloc           0%         N/A       75%         2
 Call Imp                 Summ           0%         N/A       75%         2
 Hailstorm                Conj/Ice       0%         3d5       93%         3
 Summon Ice Beast         Ice/Summ       0%         N/A       93%         3
 Sculpt Simulacrum        Ice/Alch       0%         N/A       100%        6


Dungeon Overview and Level Annotations

Branches:
Dungeon (6/15)              Sewer (visited)
 Temple: D:4-7

Altars:
The Shining One


Innate Abilities, Weirdness & Mutations

You are a hulking beast.
Your limbs bulge with bestial killing power. (Slay +3)
((You are very nimble when in or above water. (Stealth+, EV+, Speed+++)))
Your lower body shifts to a powerful aquatic tail in water.


Message History

There is a stone staircase leading up here.
The wight hits you with a +3 spear of freezing.
You hit the wight.
The wight is moderately damaged.
The wight hits you with a +3 spear of freezing.
The wight freezes you.
You hit the wight.
The wight is heavily damaged.
The wight closely misses you.
You hit the wight.
The wight is severely damaged.
The wight closely misses you. The wight barely misses you.
You barely miss the wight.
The wight is severely damaged.
The wight hits you with a +5 dire flail of freezing!
The wight freezes you.
You barely miss the wight. The wight barely misses you. x2
The wight hits you with a +5 dire flail of freezing!
You feel drained.
A red film seems to cover your vision as you go berserk!
You feel yourself moving faster!
You feel mighty! The wight barely misses you.
The wight hits you with a +3 falchion of freezing.
You feel drained. The wight misses you.
You punch the wight!
The wight is heavily damaged.
You completely miss the wight.
The wight is heavily damaged.
The wight hits you with a +5 dire flail of freezing!!
* * * LOW HITPOINT WARNING * * *
You feel drained.
* * * LOW HITPOINT WARNING * * *
The wight completely misses you.
You punch the wight!
You destroy the wight!
The wight hits you with a +3 falchion of freezing.
* * * LOW HITPOINT WARNING * * *
You feel drained.
* * * LOW HITPOINT WARNING * * *
The wight freezes you.
You die...

. ....# .## ....##
#.# .....## #.#
#....## #<## #....##
#..# ###....##
###.###.......#
#...........z####
#.............h.z.##
######........z)...##
#....#####z....##
#...### ###...# #..##
#....## #..# #.<...#
#..# #[....# #......#
#.....##


You could see 4 wights.

Vanquished Creatures
  Pargi (Sewer)
  An ice beast (D:5)
  A black bear (D:5)
  A brain worm (Sewer)
  A scorpion (D:5)
  A wight (D:6)
  A gnoll bouda (D:5)
  A sleepcap (D:4)
  2 iguanas (D:5)
  5 gnolls
  5 adders
  A shadow imp (D:5)
  A white imp (D:5)
  2 ufetubi (D:5)
  2 dart slugs
  5 orcs (D:3)
  12 bats
  6 endoplasms
  2 giant cockroaches
  4 goblins
  3 hobgoblins
  2 jackals (D:2)
  3 kobolds
  2 quokkas (D:3)
  6 ball pythons
  2 frilled lizards (D:1)
  3 rats
76 creatures vanquished.

Notes
Turn   | Place    | Note
-------+----------+-------------------------------------------
     0 | D:1      | NotreDorf the Merfolk Shapeshifter began the quest for the
                  | Orb.
     0 | D:1      | Reached XP level 1. HP: 15/15 MP: 1/1
   222 | D:1      | Reached XP level 2. HP: 20/21 MP: 2/2
   496 | D:2      | Reached skill level 1 in Stealth
   579 | D:2      | Reached XP level 3. HP: 27/27 MP: 3/3
  1664 | D:3      | Reached XP level 4. HP: 33/33 MP: 4/4
  2761 | D:5      | Entered Level 5 of the Dungeon
  2771 | D:4      | Reached XP level 5. HP: 39/39 MP: 5/5
  2825 | D:5      | Noticed an ice beast
  2837 | D:5      | Killed an ice beast
  2838 | D:5      | Reached skill level 5 in Shapeshifting
  2882 | D:5      | Reached XP level 6. HP: 43/46 MP: 6/6
  2921 | D:5      | Found a glowing golden altar of the Shining One.
  3328 | D:5      | Noticed a black bear
  3342 | D:5      | Killed a black bear
  3343 | D:5      | Reached skill level 5 in Dodging
  3343 | D:5      | Reached XP level 7. HP: 16/53 MP: 7/7
  3394 | D:5      | Found a glowing drain.
  3403 | D:5      | Reached skill level 5 in Unarmed Combat
  3413 | Sewer    | Entered a sewer
  3461 | Sewer    | Noticed Pargi
  3475 | Sewer    | Killed Pargi
  3476 | Sewer    | Reached skill level 6 in Shapeshifting
  3890 | D:6      | HP: 2/72 [wight/+3 falchion of freezing (5)]
  3890 | D:6      | Slain by a wight

Illustrated notes

Levels and vault maps discovered:
D:1:      minmay_arrival_checkered_box, layout_rooms,
          nicolae_kite_square_tiling_tiny, chequers_serial_rivers_large_a
D:2:      layout_rooms
D:3:      layout_basic, dk_noncrumbling_4, minivault_5
D:4:      layout_basic
D:5:      layout_loops_ring, mainiacjoe_overflow_alcove_1,
          mainiacjoe_sewer_entry_somewhere_in_here_1
D:6:      layout_layer_cave, minmay_temple_entry_waves

Skill      XL: |  1  2  3  4  5  6  7 |
---------------+----------------------+-----
Dodging        | 3 4 5 |  5.7
Stealth        | 1 2 |  2.1
Fighting       | 2 3 4 |  4.2
Unarmed Combat | 4 5 |  5.4
Shapeshifting  | 5 6 |  6.2

Action                     |  1- 3 |  4- 6 |  7- 9 || total
---------------------------+-------+-------+-------++-------
  Melee: Unarmed           |    84 |    91 |    46 ||   221
         Punch             |     3 |     2 |     2 ||     7
         Tailslap          |     1 |       |       ||     1
  Evoke: Wand              |       |     4 |       ||     4
    Use: Potion            |       |       |     1 ||     1
   Stab: Sleeping          |     2 |     4 |       ||     6
 Armour: Animal skin       |    26 |    36 |    18 ||    80
         Ring mail         |       |       |     7 ||     7
  Dodge: Dodged            |    40 |    74 |    55 ||   169
   Form: Beast             |     3 |       |     1 ||     4
                           |     2 |       |     1 ||     3
